 Dungeon Crawl Stone Soup version 0.27.1-33-g824d729ab1 (webtiles) character file.

Game seed: 4812608969022805653

422 Destapler the Shield-Bearer (level 6, -3/56 HPs)
             Began as a Minotaur Fighter on Dec 7, 2021.
             Was an Initiate of Elyvilon.
             Killed from afar by a steam dragon (11 damage)
             ... with a ball of steam
             ... in the Ecumenical Temple.
             The game lasted 00:11:24 (3665 turns).

Destapler the Shield-Bearer (Minotaur Fighter)      Turns: 3665, Time: 00:11:25

Health: -3/56      AC:  8    Str: 22    XL:     6   Next: 63%
Magic:  5/5        EV: 23    Int:  5    God:    Elyvilon [......]
Gold:   135        SH: 10    Dex: 10    Spells: 5/5 levels left

rFire    . . .     SeeInvis .   a - +0 long sword
rCold    . . .     Faith    .   c - +0 kite shield
rNeg     . . .     Spirit   .   b - +0 scale mail
rPois    .         Reflect  .   (helmet restricted)
rElec    .         Harm     .   (no cloak)
rCorr    .         Rampage  .   q - +0 pair of gloves
Will     .....                  (no boots)
Stlth    ..........             k - amulet of the acrobat
HPRegen  0.18/turn              (no ring)
MPRegen  0.09/turn              (no ring)

@: acrobatic
A: horns 2, retaliatory headbutt
a: Renounce Religion


You were in the Ecumenical Temple.
You worshipped Elyvilon.
Elyvilon was noncommittal.
You visited 2 branches of the dungeon, and saw 5 of its levels.

You collected 180 gold pieces.
You spent 45 gold pieces at shops.

Inventory:

Hand Weapons
 a - a +0 long sword (weapon)
Missiles
 j - 3 poisoned darts (quivered)
 r - 3 silver javelins
Armour
 b - a +0 scale mail (worn)
 c - a +0 kite shield (worn)
 q - a +0 pair of gloves (worn)
Jewellery
 h - an amulet of guardian spirit
 k - an amulet of the acrobat (around neck)
Wands
 g - a wand of polymorph (6)
Scrolls
 l - 2 scrolls of magic mapping
 n - a scroll of identify
 o - a scroll of vulnerability
 p - a scroll of silence {unknown}
 s - a scroll of fog {unknown}
Potions
 d - 2 potions of mutation {unknown}
 e - a potion of curing {unknown}
 f - 2 potions of cancellation
 i - a potion of invisibility {unknown}
 m - a potion of lignification {unknown}


   Skills:
 + Level 5.3 Fighting
 + Level 4.6 Long Blades
 + Level 5.3 Armour
 + Level 1.1 Dodging
 + Level 5.4 Shields
 + Level 0.0 Invocations
 + Level 0.8 Evocations


You had 5 spell levels left.
You didn't know any spells.
Your spell library contained the following spells:

 Spells                   Type           Power      Damage    Failure   Level
 Sandblast                Erth           0%         2d4       99%         1
 Summon Small Mammal      Summ           0%         N/A       99%         1
 Passwall                 Tmut/Erth      0%         N/A       100%        2
 Static Discharge         Conj/Air       0%         N/A       100%        2
 Call Canine Familiar     Summ           0%         N/A       100%        3
 Summon Guardian Golem    Hex/Summ       0%         N/A       100%        3
 Lee's Rapid Deconstruct  Erth           0%         3d5*      100%        5
 Lightning Bolt           Conj/Air       0%         1d11      100%        5
 Maxwell's Capacitive Co  Air            0%         ∞         100%        8


Dungeon Overview and Level Annotations

Branches:
Dungeon (4/15)             Temple (1/1) D:4

Altars:
Dithmenos
Elyvilon
Fedhas
Hepliaklqana
Makhleb
Okawaru
Ru
Sif Muna
Trog
Uskayaw
Zin
Beogh

Shops:
D:2 :?[*?

Annotations:
D:4 3 runed translucent doors, spimroxx's ghost, amateur GnFi


Innate Abilities, Weirdness & Mutations

You have a pair of horns on your head.
You reflexively headbutt those who attack you in melee.


Message History

The steam dragon misses you.
You closely miss the steam dragon.
The steam dragon is lightly wounded.
The steam dragon bites you.
The steam dragon claws you but does no damage.
You closely miss the steam dragon.
The steam dragon is lightly wounded.
The steam dragon breathes steam at you. The ball of steam hits you!!
The steam dragon bites you. You block the steam dragon's attack.
You hit the steam dragon but do no damage.
The steam dragon is lightly wounded.
You are engulfed in a cloud of scalding steam.
The steam dragon bites you!
* * * LOW HITPOINT WARNING * * *
You block the steam dragon's attack.
Okay, then.
You hit the steam dragon but do no damage.
Your headbutt misses the steam dragon.
The steam dragon is lightly wounded.
The steam dragon bites you but does no damage.
The steam dragon claws you.
* * * LOW HITPOINT WARNING * * *
Unknown command.
You closely miss the steam dragon.
The steam dragon is lightly wounded.
You block the steam dragon's attack. The steam dragon claws you.
* * * LOW HITPOINT WARNING * * *
The steam dragon bites you!
* * * LOW HITPOINT WARNING * * *
The steam dragon claws you but does no damage.
Okay, then.
There is a staircase to the Ecumenical Temple here.
The steam dragon bites you but does no damage.
You block the steam dragon's attack.
You climb downwards.
Welcome back to the Ecumenical Temple!
There is a staircase back to the Dungeon here.
The steam dragon breathes steam at you. The ball of steam hits you!
You die...

♣........................
♣........................
♣............♣.♣.♣.♣.♣...
♣.⌠.....⌠................
♣........................
♣....<...................
♣.....D..................
♣.⌠....§⌠................
♣.......@....♣.♣.♣.♣.♣.P.
♣.......................P
♣.......................P
♣........................
♣...............P........
♣.8.....8................
♣........................
♣♣♣♣♣♣♣♣♣♣♣♣♣♣♣♣♣♣♣♣♣♣♣♣♣


You could see a steam dragon (catching breath).

Vanquished Creatures
  Sigmund (D:2)
  A bullfrog (D:4)
  Jessica (D:2)
  A hound skeleton (D:3)
  Robin (D:3)
  4 adders
  2 worms
  2 dart slugs
  9 orcs
  9 endoplasms
  2 giant cockroaches
  14 goblins
  8 hobgoblins
  3 jackals (D:1)
  4 quokkas
  4 ball pythons
  12 bats
  3 frilled lizards (D:1)
  6 kobolds
  5 rats
92 creatures vanquished.

Notes
Turn   | Place    | Note
-------+----------+-------------------------------------------
     0 | D:1      | Destapler the Minotaur Fighter began the quest for the Orb.
     0 | D:1      | Reached XP level 1. HP: 19/19 MP: 0/0
   252 | D:1      | Reached XP level 2. HP: 27/27 MP: 1/1
   565 | D:1      | Reached XP level 3. HP: 33/33 MP: 2/2
   816 | D:2      | Found Syarch's General Store.
   835 | D:2      | Found Nishe's Magic Scroll Shoppe.
   894 | D:2      | Noticed Sigmund
   906 | D:2      | Killed Sigmund
   907 | D:2      | Reached XP level 4. HP: 12/41 MP: 3/3
   907 | D:2      | Reached XP level 5. HP: 14/47 MP: 4/4
  1435 | D:2      | Found an iron altar of Okawaru.
  1441 | D:2      | Found Qiudeaz's Magic Scroll Boutique.
  1449 | D:2      | Found Ymynt's Armour Emporium.
  1466 | D:2      | Bought a scroll of magic mapping for 45 gold pieces
  1483 | D:2      | Reached skill level 5 in Shields
  1612 | D:2      | Found Duvuew's Book Shop.
  1647 | D:2      | Noticed Jessica
  1791 | D:2      | Killed Jessica
  1792 | D:2      | Reached skill level 5 in Fighting
  1792 | D:2      | Reached skill level 5 in Armour
  2032 | D:3      | Reached XP level 6. HP: 37/56 MP: 5/5
  2318 | D:3      | Noticed Robin
  2344 | D:3      | Killed Robin
  2814 | D:4      | Noticed spimroxx's ghost (amateur GnFi)
  2814 | D:4      | Found a runed translucent gate.
  2814 | D:4      | Found a runed translucent gate.
  2814 | D:4      | Found a runed translucent gate.
  2819 | D:4      | Identified the +1 leather armour of Untruth {-Tele Rampage
                  | rF+ Str+2}
  2846 | D:4      | Reached skill level 1 in Dodging
  3077 | D:4      | Found a staircase to the Ecumenical Temple.
  3116 | D:4      | Noticed a steam dragon
  3119 | Temple   | Entered the Ecumenical Temple
  3607 | Temple   | Became a worshipper of Elyvilon the Healer
  3665 | Temple   | Killed from afar by a steam dragon

Illustrated notes

Levels and vault maps discovered:
D:1:      shiori_arrival_elements, layout_basic, ebering_dispersal_statue_hall,
          minmay_cupped
D:2:      layout_loops_ring, serial_shops, shop, nicolae_square_shop, shop,
          shop, shop, basic_altar, uniq_sigmund, uniq_jessica
D:3:      layout_rooms, grunt_decor_mini_mirrors, uniq_robin
D:4:      cheibrodos_thug_alley, layout_loops_cross, okawaru_altar_gauntlet_db,
          minmay_temple_entry_grid, biasface_ghost_orc_armoury,
          uniq_blork_the_orc
Temple:   jpeg_temple_alley_garden

Skill      XL: |  1  2  3  4  5  6 |
---------------+-------------------+-----
Fighting       | 4 5 |  5.3
Shields        | 4 5 |  5.4
Armour         | 4 5 |  5.3
Long Blades    | 3 4 |  4.6
Dodging        | 1 |  1.1
Evocations     | |  0.8

Action                   |  1- 3 |  4- 6 || total
-------------------------+-------+-------++-------
Melee: Long sword        |    71 |   122 ||   193
       Headbutt          |    11 |    24 ||    35
  Use: Scroll            |     1 |     5 ||     6
       Potion            |     1 |     1 ||     2
Armor: Scale mail        |    29 |    64 ||    93
Dodge: Dodged            |    15 |    51 ||    66
Block: Kite shield       |    35 |    84 ||   119
       Rpst.: Long sword |     6 |    17 ||    23
